 Dungeon Crawl Stone Soup version 0.29.0-4-gdea44cf6ec (webtiles) character file.

Game seed: 13402140281594501783

222 qw the Ruffian (level 5, -2/41 HPs)
             Began as a Ghoul Enchanter on Sept 5, 2022.
             Slain by a gnoll
             ... wielding a +0 spear
              (6 damage)
             ... on level 3 of the Dungeon.
             The game lasted 00:01:54 (4537 turns).

qw the Ruffian (Ghoul Enchanter)                    Turns: 4537, Time: 00:01:54

Health: -2/41      AC:  8    Str: 14      XL:     5   Next: 99%
Magic:  6/6        EV:  9    Int:  8 (10) God:
Gold:   179        SH:  0    Dex:  7 (9)  Spells: 7/7 levels left

rFire   . . .      SeeInvis .     - Unarmed
rCold   + . .      Faith    .   (no shield)
rNeg    + + +      Spirit   .   i - +0 scale mail
rPois   inf        Reflect  .   (no helmet)
rElec   .          Harm     .   e - +1 cloak
rCorr   .          Rampage  .   (no gloves)
Will    .....                   (no boots)
Stlth   +.........              (no amulet)
HPRegen 0.00/turn               (no ring)
MPRegen 0.10/turn               (no ring)

@: inhibited regen
A: claws 1, cold resistance 1, negative energy resistance 3, inhibited
regeneration, torment resistance 2, devour on kill
a: no special abilities


You were on level 3 of the Dungeon.
You visited 1 branch of the dungeon, and saw 3 of its levels.

You collected 179 gold pieces.


Innate Abilities, Weirdness & Mutations

You are immune to poison.
You have sharp fingernails.
Your flesh is cold resistant. (rC+)
You are immune to negative energy. (rN+++)
You do not regenerate when monsters are visible.
You are immune to unholy pain and torment.
You thrive by killing the living.


   Skills:
 - Level 2.0 Fighting
 - Level 0.8 Short Blades
 - Level 1.2 Throwing
 - Level 1.1 Armour
 - Level 1.7 Dodging
 - Level 3.2 Stealth
 + Level 5.0 Unarmed Combat
 - Level 1.7 Spellcasting
 - Level 2.4 Hexes


You had 7 spell levels left.
You didn't know any spells.
Your spell library contained the following spells:

 Spells                   Type           Power      Damage    Failure   Level
 Ensorcelled Hibernation  Hex/Ice        4%         N/A       83%         2
 Confusing Touch          Hex            4%         N/A       87%         3
 Tukima's Dance           Hex            4%         N/A       87%         3
 Dazzling Flash           Conj/Hex       4%         N/A       96%         3

Inventory:

Missiles
 m - 3 javelins (quivered)
Armour
 e - a +1 cloak (worn)
 i - a +0 scale mail (worn)
 j - a +0 chain mail
Jewellery
 a - a ring of fire
Scrolls
 b - 2 scrolls of identify
 f - a scroll of amnesia {unknown}
 g - a scroll of brand weapon
Potions
 c - a potion of haste {unknown}
 d - a potion of berserk rage {unknown}
 h - a potion of mutation {unknown}

Dungeon Overview and Level Annotations

Branches:
Dungeon (3/15)

Altars:
Hepliaklqana

Annotations:
D:1 2 runed translucent doors


Message History

You feel your strength returning.
4524 ||| Stepping ~*~*~tactically~*~*~ (outnumbered).
4526 ||| Stepping ~*~*~tactically~*~*~ (outnumbered).
The gnoll attacks as you move away! The gnoll hits you with a +0 club.
The gnoll hits you from afar with a +0 spear.
You scratch the gnoll.
The gnoll is moderately wounded.
The gnoll hits you but does no damage. x2; The gnoll closely misses you.
You scratch the gnoll.
The gnoll is heavily wounded.
The gnoll hits you but does no damage. The gnoll hits you with a +0 club.
The gnoll hits you from afar with a +0 spear.
You claw the gnoll!
You kill the gnoll!
The gnoll hits you from afar with a +0 spear. x2
The gnoll misses you. The gnoll barely misses you.
You see here a +0 club.
You scratch the gnoll.
The gnoll is heavily wounded.
The gnoll closely misses you. The gnoll hits you with a +0 spear.
You barely miss the gnoll.
The gnoll is heavily wounded.
You scratch the gnoll.
The gnoll is severely wounded.
The gnoll hits you but does no damage. The gnoll barely misses you.
You closely miss the gnoll.
The gnoll is severely wounded.
The gnoll hits you but does no damage. x2
You scratch the gnoll.
The gnoll is almost dead.
The gnoll completely misses you. The gnoll hits you with a +0 spear.
You scratch the gnoll.
You kill the gnoll!
You feel better. The gnoll hits you but does no damage.
Your Throwing skill increases to level 1!
You claw the gnoll!
The gnoll is severely wounded.
The gnoll hits you with a +0 spear.
You die...

#. ...... #. .....
#. .... #. ... #.
.. #. #. #.
#)################.
#g@.............)..
##################.
#. #. #. #. #. ##


You could see a gnoll.

Vanquished Creatures
  Terence (D:3)
  3 gnolls (D:3)
  8 adders
  2 worms (D:2)
  2 dart slugs
  2 bats
  10 endoplasms
  2 giant cockroaches
  4 goblins
  6 hobgoblins
  4 jackals (D:3)
  5 quokkas
  14 ball pythons
  14 frilled lizards
  8 kobolds
  4 rats
89 creatures vanquished.

Vanquished Creatures (others)
  6 plants
6 creatures vanquished.

Grand Total: 95 creatures vanquished

Notes
Turn   | Place    | Note
-------+----------+-------------------------------------------
     0 | D:1      | qw the Ghoul Enchanter began the quest for the Orb.
     0 | D:1      | Reached XP level 1. HP: 14/14 MP: 2/2
     0 | D:1      | 0 ||| qw: Version: 0.1-a-104-g96f76f8
     0 | D:1      | 0 ||| qw: Game counter: 5959
     0 | D:1      | 0 ||| qw: Always use a shield: true
     0 | D:1      | 0 ||| qw: God list: Okawaru
     0 | D:1      | 0 ||| qw: Allow faded altars: false
     0 | D:1      | 0 ||| qw: Do Orc after D:15 true
     0 | D:1      | 0 ||| qw: Do second Lair branch before Depths: true
     0 | D:1      | 0 ||| qw: Lair rune preference: random
     0 | D:1      | 0 ||| qw: Plans: Normal
     0 | D:1      | 0 ||| PLANNING D:1-11
     1 | D:1      | 1 ||| DROPPING +1 dagger.
    54 | D:1      | Reached skill level 1 in Unarmed Combat
    59 | D:1      | Found a large runed translucent door.
    59 | D:1      | Found a large runed translucent door.
    60 | D:1      | 60 ||| Stepping ~*~*~tactically~*~*~ (hiding).
   162 | D:1      | 162 ||| Stepping ~*~*~tactically~*~*~ (hiding).
   264 | D:1      | 264 ||| Stepping ~*~*~tactically~*~*~ (hiding).
   366 | D:1      | 366 ||| Stepping ~*~*~tactically~*~*~ (hiding).
   468 | D:1      | 468 ||| Stepping ~*~*~tactically~*~*~ (hiding).
   475 | D:1      | Reached skill level 1 in Fighting
   475 | D:1      | Reached XP level 2. HP: 23/23 MP: 3/3
   579 | D:1      | Noticed an orc warrior
   955 | D:1      | 955 ||| Stepping ~*~*~tactically~*~*~ (stealth).
   959 | D:1      | 959 ||| Stepping ~*~*~tactically~*~*~ (stealth).
   964 | D:1      | 964 ||| Stepping ~*~*~tactically~*~*~ (outnumbered).
   965 | D:1      | 965 ||| Stepping ~*~*~tactically~*~*~ (outnumbered).
  1187 | D:1      | 1187 ||| Stepping ~*~*~tactically~*~*~ (stealth).
  1189 | D:1      | 1189 ||| Stepping ~*~*~tactically~*~*~ (stealth).
  1193 | D:1      | 1193 ||| Stepping ~*~*~tactically~*~*~ (stealth).
  1197 | D:1      | Reached skill level 2 in Unarmed Combat
  1198 | D:1      | 1198 ||| Stepping ~*~*~tactically~*~*~ (stealth).
  1200 | D:1      | 1200 ||| Stepping ~*~*~tactically~*~*~ (stealth).
  1508 | D:1      | Reached XP level 3. HP: 28/28 MP: 4/4
  1509 | D:1      | 1509 ||| Stepping ~*~*~tactically~*~*~ (stealth).
  1510 | D:1      | 1510 ||| Stepping ~*~*~tactically~*~*~ (stealth).
  1512 | D:1      | 1512 ||| Stepping ~*~*~tactically~*~*~ (stealth).
  2142 | D:1      | 2142 ||| DROPPING +6 ring of intelligence.
  2143 | D:1      | 2143 ||| READING scroll labelled XEUMOA DE GEAKUMU.
  2235 | D:1      | 2235 ||| READING 3 scrolls labelled NOXYBR GOWIK.
  2236 | D:1      | 2236 ||| DROPPING 2 potions of invisibility.
  2237 | D:1      | 2237 ||| DROPPING 2 scrolls of blinking.
  2286 | D:2      | 2286 ||| STAIRDANCE
  2289 | D:1      | Reached skill level 3 in Unarmed Combat
  2376 | D:2      | 2376 ||| Stepping ~*~*~tactically~*~*~ (stealth).
  2509 | D:2      | Reached XP level 4. HP: 15/35 MP: 5/5
  2831 | D:2      | Reached skill level 4 in Unarmed Combat
  3090 | D:2      | 3090 ||| Stepping ~*~*~tactically~*~*~ (stealth).
  3098 | D:2      | 3098 ||| Stepping ~*~*~tactically~*~*~ (outnumbered).
  3335 | D:2      | Reached XP level 5. HP: 41/41 MP: 6/6
  3482 | D:2      | 3482 ||| UPGRADING to +1 cloak.
  3487 | D:2      | 3487 ||| UPGRADING to +0 scale mail.
  3497 | D:2      | 3497 ||| DROPPING +0 robe.
  3498 | D:2      | 3498 ||| DROPPING ring of wizardry.
  3499 | D:2      | 3499 ||| READING scroll labelled UJONIAWEMU.
  3500 | D:2      | 3500 ||| READING 2 scrolls labelled TAGUGRE XUIM.
  3501 | D:2      | 3501 ||| READING scroll labelled TYETAI USHIFUF.
  3502 | D:2      | 3502 ||| DRINKING 2 fizzy green potions.
  3503 | D:2      | 3503 ||| DROPPING scroll of noise.
  3504 | D:2      | 3504 ||| DROPPING potion of degeneration.
  3713 | D:3      | 3713 ||| Stepping ~*~*~tactically~*~*~ (stealth).
  3738 | D:3      | Found a hazy altar of Hepliaklqana.
  4007 | D:3      | 4007 ||| Stepping ~*~*~tactically~*~*~ (stealth).
  4074 | D:3      | 4074 ||| Stepping ~*~*~tactically~*~*~ (outnumbered).
  4075 | D:3      | 4075 ||| Stepping ~*~*~tactically~*~*~ (outnumbered).
  4076 | D:3      | 4076 ||| Stepping ~*~*~tactically~*~*~ (outnumbered).
  4077 | D:3      | 4077 ||| Stepping ~*~*~tactically~*~*~ (outnumbered).
  4078 | D:3      | 4078 ||| Stepping ~*~*~tactically~*~*~ (outnumbered).
  4079 | D:3      | 4079 ||| Stepping ~*~*~tactically~*~*~ (outnumbered).
  4080 | D:3      | 4080 ||| Stepping ~*~*~tactically~*~*~ (outnumbered).
  4149 | D:3      | Reached skill level 5 in Unarmed Combat
  4492 | D:3      | Noticed Terence
  4497 | D:3      | Killed Terence
  4498 | D:3      | Reached skill level 1 in Armour
  4515 | D:3      | 4515 ||| Stepping ~*~*~tactically~*~*~ (hiding).
  4524 | D:3      | 4524 ||| Stepping ~*~*~tactically~*~*~ (outnumbered).
  4526 | D:3      | 4526 ||| Stepping ~*~*~tactically~*~*~ (outnumbered).
  4529 | D:3      | HP: 10/41 [gnoll/+0 spear (6)]
  4535 | D:3      | HP: 3/41 [gnoll/+0 spear (2)]
  4537 | D:3      | Reached skill level 1 in Throwing
  4537 | D:3      | Slain by a gnoll

Levels and vault maps discovered:
D:1:      erik_arrival_cave_to_civilisation [erik_arrival_cave_to_temple],
          layout_basic, serial_bayou_pond_e, minmay_shallow_snake_nest
D:2:      minmay_diamond_boxcup, layout_basic, basic_altar
D:3:      layout_basic, lemuel_crystal_altar, serial_glass, glass_columns_a,
          glass_columns_b, minmay_lizard_king, uniq_terence

Skill      XL: |  1  2  3  4  5 |
---------------+----------------+-----
Unarmed Combat | 1 2 3 4 5 |  5.0
Fighting       | 1 2 |  2.0
Armour         | 1 |  1.1
Throwing       | 1 |  1.2
Short Blades   | |  0.8
Dodging        | |  1.7
Stealth        | |  3.2
Spellcasting   | |  1.7
Hexes          | |  2.4

Action                   |  1- 3 |  4- 6 || total
-------------------------+-------+-------++-------
Melee: Unarmed           |   130 |   179 ||   309
       Punch             |     1 |       ||     1
Throw: Javelin           |       |    17 ||    17
  Use: Scroll            |     2 |     3 ||     5
       Potion            |       |     1 ||     1
 Stab: Sleeping          |       |     1 ||     1
Armor: Robe              |    14 |    12 ||    26
       Scale mail        |       |    50 ||    50
Dodge: Dodged            |    53 |    86 ||   139

Table legend:
 A = Non-vault XP
 B = Vault XP
 C = Vault XP percentage of total XP
 D = Non-vault monster count
 E = Vault monster count
 F = Vault count percentage of total count
                 A         B        C        D         E       F
            +---------+---------+-------+---------+---------+-------
      Total |     222 |      96 |  30.2 |      63 |      26 |  29.2
            +---------+---------+-------+---------+---------+-------
        D:1 |      48 |       7 |  12.7 |      27 |       5 |  15.6
        D:2 |      73 |      43 |  37.1 |      21 |      10 |  32.3
        D:3 |     101 |      46 |  31.3 |      15 |      11 |  42.3
            +---------+---------+-------+---------+---------+-------
